 Dungeon Crawl Stone Soup version 0.19.0-2-gae57169 (webtiles) character file.

284 nikopol the Poker (level 6, 0/84 HPs)
             Began as a Minotaur Berserker on Nov 6, 2016.
             Was a Believer of Trog.
             Slain by a wight
             ... wielding a cursed +0 short sword
              (2 damage)
             ... on level 4 of the Dungeon.
             The game lasted 00:06:37 (1882 turns).

nikopol the Poker (Minotaur Berserker)              Turns: 1882, Time: 00:06:37

Health: 0/84       AC:  6    Str: 27    XL:     6   Next: 7%
Magic:  5/5        EV: 11    Int:  4    God:    Trog [**....]
Gold:   86         SH:  0    Dex: 11    Spells: 0 memorised, 5 levels left

rFire  . . .     SeeInvis .     a - +0 spear
rCold  . . .     Gourm    .     s - +0 ring mail (curse)
rNeg   . . .     Faith    .     (no shield)
rPois  .         Spirit   .     (helmet restricted)
rElec  .         Reflect  .     u - +0 cloak
rCorr  .         Harm     .     (no gloves)
MR     .....                    (no boots)
Stlth  ..........               (no amulet)
                                (no ring)
                                (no ring)

@: berserking, heavily drained, very quick
A: retaliatory headbutt, horns 2
a: Berserk, Trog's Hand, Burn Spellbooks, Renounce Religion


You were on level 4 of the Dungeon.
You worshipped Trog.
Trog was pleased with you.
You were very hungry.

You visited 1 branch of the dungeon, and saw 4 of its levels.

You collected 86 gold pieces.

Inventory:

Hand Weapons
 a - a +0 spear (weapon)
Missiles
 w - 12 arrows (quivered)
Armour
 b - a +0 animal skin
 s - a cursed +0 ring mail (worn)
 u - a +0 cloak (worn)
Scrolls
 d - a scroll of amnesia {unknown}
 f - 2 scrolls of fear {unknown}
 i - 3 scrolls of remove curse {unknown}
 k - 3 scrolls of identify {unknown}
 m - 2 scrolls of enchant weapon {unknown}
 q - a scroll of immolation {unknown}
 v - 2 scrolls of magic mapping {unknown}
 y - 4 scrolls of noise {unknown}
 A - a scroll of teleportation {unknown}
Potions
 e - 5 potions of curing {unknown}
 g - 2 potions of ambrosia {unknown}
 h - a potion of berserk rage {unknown}
 l - a potion of brilliance {unknown}
 n - 2 potions of invisibility {unknown}
 o - a potion of mutation {unknown}
 p - a potion of cancellation {unknown}
 x - a potion of might {unknown}
 z - a potion of magic {unknown}
Comestibles
 c - 4 bread rations
 j - 4 meat rations
 r - a beef jerky
 t - a chunk of flesh


   Skills:
 + Level 5.1(2.6) Fighting
 + Level 5.2(2.7) Polearms
 + Level 4.2(1.8) Armour
 + Level 3.9(1.5) Dodging


You had 5 spell levels left.
You didn't know any spells.

Dungeon Overview and Level Annotations

Branches:
Dungeon (4/15)
 Temple: D:4-7

Altars:
Hepliaklqana
Kikubaaqudgha

Shops:
D:4 =


Innate Abilities, Weirdness & Mutations

You reflexively headbutt those who attack you in melee.
You have a pair of horns on your head.


Message History

You feel drained.
* * * LOW HITPOINT WARNING * * *
You hit the wight but do no damage.
The wight is heavily damaged.
The wight completely misses you.
You closely miss the wight.
You headbutt the wight, but do no damage.
The wight is heavily damaged.
The wight hits you but does no damage.
Your ring mail prevents you from hitting the wight.
Your headbutt misses the wight.
The wight is heavily damaged.
The wight hits you but does no damage.
A red film seems to cover your vision as you go berserk!
You feel yourself moving faster!
You feel mighty!
You are feeling very hungry.
The wight hits you with a short sword!
* * * LOW HITPOINT WARNING * * *
You feel drained.
You die...

#. #.### #...# . #.#.#
#. #.#.# #.. #.#.#
#..######.#.# ##.
#.<.........####....)
###.#...##....@)......
...............z......
##.#...###(..###[####
##.## #...# # #.#
#...# #..##### #.#
#...# #.######..#...(
#.####.∩.###....
...#.##.
#..........#..#
#..#.##.
######...#.#..#
#..#.##.


You could see a wight.

Vanquished Creatures
  An ogre (D:4)
  A wight (D:4)
  A hound (D:4)
  An orc wizard (D:3)
  3 adders (D:2)
  An ooze (D:1)
  4 worms
  2 dart slugs (D:1)
  6 leopard geckos
  6 orcs (D:3)
  2 ball pythons (D:1)
  7 bats
  A giant cockroach (D:4)
  6 goblins
  2 hobgoblins (D:2)
  6 frilled lizards
  2 kobolds (D:2)
  5 rats
  A toadstool (D:1)
58 creatures vanquished.

Vanquished Creatures (others)
  3 toadstools (D:1)
3 creatures vanquished.

Grand Total: 61 creatures vanquished

Notes
Turn   | Place    | Note
-------+----------+-------------------------------------------
     0 | D:1      | nikopol the Minotaur Berserker began the quest for the Orb.
     0 | D:1      | Reached XP level 1. HP: 19/19 MP: 0/0
   144 | D:1      | Reached XP level 2. HP: 23/27 MP: 1/1
   672 | D:2      | Found an ancient bone altar of Kikubaaqudgha.
   806 | D:2      | Reached XP level 3. HP: 27/33 MP: 2/2
   959 | D:2      | Reached ** piety under Trog
  1187 | D:2      | Reached XP level 4. HP: 41/41 MP: 3/3
  1521 | D:3      | Found a hazy altar of Hepliaklqana.
  1672 | D:4      | Noticed an ogre
  1682 | D:4      | Reached XP level 5. HP: 36/47 MP: 4/4
  1687 | D:4      | Killed an ogre
  1687 | D:4      | Reached skill level 5 in Fighting
  1687 | D:4      | Reached skill level 5 in Polearms
  1819 | D:4      | Found Codazil's Jewellery Shoppe.
  1872 | D:4      | Reached XP level 6. HP: 17/56 MP: 5/5
  1882 | D:4      | HP: 2/84 [wight/short sword (7)]
  1882 | D:4      | Slain by a wight

Skill      XL: |  1  2  3  4  5 |
---------------+----------------+-----
Fighting       | 4 5 |  5.1
Polearms       | 4 5 |  5.2
Armour         | 3 4 |  4.2
Dodging        | 3 |  3.9

Action                   |  1- 3 |  4- 6 || total
-------------------------+-------+-------++-------
Melee: Spear             |    74 |   106 ||   180
       Headbutt          |    13 |    13 ||    26
Invok: Berserk           |       |     1 ||     1
 Stab: Sleeping          |     3 |       ||     3
  Eat: Chunk             |     1 |     2 ||     3
Armor: Animal skin       |     3 |       ||     3
       Ring mail         |       |    20 ||    20
Dodge: Dodged            |    36 |    43 ||    79
